 Dungeon Crawl Stone Soup version 0.21-a0-584-g185da8e (webtiles) character file.

434616 tidbits the Tortoise (level 23, -8/234 HPs)
             Began as a Gnoll Earth Elementalist on Dec 19, 2017.
             Was the Champion of Cheibriados.
             Killed by a guardian mummy's death curse (29 damage)
             ... on level 3 of the Tomb of the Ancients on Dec 21, 2017.
             The game lasted 06:23:07 (14495 turns).

tidbits the Tortoise (Gnoll Earth Elementalist)    Turns: 14495, Time: 06:23:08

Health: -8/234     AC: 40    Str: 27    XL:     23   Next: 25%
Magic:  25/42      EV: 36    Int: 40    God:    Cheibriados [******]
Gold:   2680       SH: 20    Dex: 34    Spells: 1/52 levels left

rFire    . . .     SeeInvis .   a - +5 eudemon blade (holy)
rCold    . . .     Gourm    .   D - +3 shield
rNeg     + . .     Faith    .   (armour currently unavailable)
rPois    ∞         Spirit   .   E - +2 helmet
rElec    +         Reflect  .   C - +2 cloak
rCorr    .         Harm     .   (gloves currently unavailable)
MR       +....     Clarity  +   (boots currently unavailable)
Stlth    +++++++...             P - amulet of magic regeneration
HPRegen  0.49/turn              V - +4 ring of evasion
MPRegen  0.53/turn              W - ring of wizardry

@: statue-form, very slightly contaminated, starving, studying Armour, very slow
A: distributed training, fangs 1, agile 1, clarity, no potion heal 1, strong
nose
}: 4/15 runes: barnacled, slimy, silver, gossamer
a: End Transformation, Bend Time, Temporal Distortion, Slouch, Step From Time,
Renounce Religion


You were on level 3 of the Tomb of the Ancients.
You worshipped Cheibriados.
Cheibriados was exalted by your worship.
You were starving.
You were a stone statue.
You visited 10 branches of the dungeon, and saw 48 of its levels.
You also visited: Ice Cave.

You collected 6274 gold pieces.
You spent 3594 gold pieces at shops.

Inventory:

Hand Weapons
 a - a +5 eudemon blade of holy wrath (weapon)
   (You took it off Mennas on level 5 of the Vaults)
 b - a +5 demon trident of electrocution
   (You took it off Asterion on level 1 of the Spider Nest)
Missiles
 i - 2 throwing nets {!f}
 n - 339 stones
 t - 16 steel javelins (quivered)
Armour
 B - a +0 troll leather armour (melded)
 C - a +2 cloak (worn)
 D - a +3 shield (worn)
 E - a +2 helmet (worn)
 F - a +1 pair of boots (melded)
 G - a +2 pair of gloves (melded)
Magical Staves
 w - an uncursed staff of wizardry {!a}
   (You found it on level 5 of the Pits of Slime)
Jewellery
 g - an uncursed ring of protection from fire
   (You found it on level 5 of the Pits of Slime)
 j - an uncursed ring of resist corrosion
   (You took it off an orc warrior on level 4 of the Vaults)
 H - an uncursed ring of protection from magic
   (You found it on level 4 of the Spider Nest)
 I - an uncursed ring of see invisible
   (You found it on level 4 of the Spider Nest)
 P - an amulet of magic regeneration (around neck)
   (You took it off a spriggan on level 3 of the Lair of Beasts)
 V - a +4 ring of evasion (left hand)
   (You took it off a greater mummy on level 1 of the Tomb of the Ancients)
 W - a ring of wizardry (right hand)
   (You found it on level 1 of the Lair of Beasts)
Wands
 q - a wand of enslavement (14)
 K - a wand of acid (19)
 S - a wand of disintegration (18)
 U - a wand of iceblast (9)
 X - a wand of paralysis (16)
Scrolls
 p - 7 scrolls of silence
 r - 9 scrolls of remove curse
 s - a scroll of amnesia
 v - a scroll of immolation
 y - 4 scrolls of fog
 z - 2 scrolls of identify
 L - 5 scrolls of teleportation
 N - a scroll of vulnerability
 Y - 6 scrolls of fear
Potions
 h - 2 potions of curing
 x - a potion of resistance
 A - 3 potions of ambrosia
 J - 4 potions of mutation {!q}
 M - 2 potions of cancellation
 Q - a potion of flight
 T - 4 potions of brilliance
Books
 l - a manual of Armour
   (You found it on level 5 of the Vaults)
Miscellaneous
 d - a lamp of fire
 m - 3 sacks of spiders
 u - a phial of floods
 R - a lightning rod (4/4)
Comestibles
 c - 35 rations


   Skills:
 + Level 14.8 Fighting
 + Level 14.8 Short Blades
 + Level 14.8 Long Blades
 + Level 14.8 Axes
 + Level 14.8 Maces & Flails
 + Level 14.8 Polearms
 + Level 14.8 Staves
 + Level 14.8 Slings
 + Level 14.8 Bows
 + Level 14.8 Crossbows
 + Level 14.8 Throwing
 + Level 16.2 Armour
 + Level 15.3 Dodging
 + Level 15.3 Stealth
 + Level 14.8 Shields
 + Level 14.8 Unarmed Combat
 + Level 15.4 Spellcasting
 + Level 12.7 Conjurations
 + Level 12.7 Hexes
 + Level 12.7 Charms
 + Level 12.7 Summonings
 + Level 12.7 Necromancy
 + Level 12.7 Translocations
 + Level 12.9 Transmutations
 + Level 12.7 Fire Magic
 + Level 12.7 Ice Magic
 + Level 12.7 Air Magic
 + Level 13.7 Earth Magic
 + Level 12.7 Poison Magic
 + Level 15.9 Invocations
 + Level 14.8 Evocations


You had one spell level left.
You knew the following spells:

 Your Spells              Type           Power        Failure   Level  Hunger
a - Apportation           Tloc           ######       0%          1    None
g - Passage of Golubria   Tloc           N/A          1%          4    None
p - Passwall              Tmut/Erth      #######...   0%          2    None
r - Regeneration          Chrm/Necr      #######...   0%          3    None
s - Statue Form           Tmut/Erth      #######..    1%          6    None
u - Control Undead        Necr           #######...   1%          4    None
w - Spectral Weapon       Hex/Chrm       #######.     0%          3    None
y - Song of Slaying       Chrm           #######.     0%          2    None
D - Lee's Rapid Deconstr  Erth           #######...   1%          5    None
G - Ignition              Fire           #######...   14%         8    #####..
L - Summon Lightning Spi  Summ/Air       #######.     1%          4    None
N - Animate Dead          Necr           N/A          1%          4    None
R - Irradiate             Conj/Tmut      #######...   1%          5    None


Dungeon Overview and Level Annotations

Branches:
Dungeon (15/15)            Temple (1/1) D:4            Lair (6/6) D:11
 Shoals (4/4) Lair:3       Spider (4/4) Lair:2        Slime (5/5) Lair:6
    Orc (2/2) D:12         Vaults (5/5) D:14          Crypt (3/3) Vaults:2
   Tomb (3/3) Crypt:3      Depths (0/5) D:15
    Elf: Orc:2

Altars:
Ashenzari
Cheibriados
Dithmenos
Elyvilon
Fedhas
Gozag
Hepliaklqana
Kikubaaqudgha
Makhleb
Nemelex Xobeh
Okawaru
Qazlal
Sif Muna
Trog
Uskayaw
Vehumet
Wu Jian
Xom
Yredelemnul
Zin
The Shining One
Beogh
Jiyva

Shops:
D:4 %   D:10 :   Orc:2 :}   Shoals:1 ?   Vaults:1 ?   Vaults:3 [[   Vaults:4 [
Vaults:5 =[

Annotations:
D:15 disto weapon
Lair:4 stash
Vaults:5 Dustman's ghost, legendary HuGl


Innate Abilities, Weirdness & Mutations

Your experience applies equally to all skills.
You have very sharp teeth.
Your uncanny sense of smell can sniff out nearby items.
((You are partially covered in yellow scales. (AC +2)))
You are agile. (Dex +2)
You possess an exceptional clarity of mind.
Potions are less effective at restoring your health.


Message History

Okay, then.
Unknown command.
Blink to where?
Press: ? - help, Dir - move target cursor You are very lightly contaminated with residual magic.
As you read the scroll of blinking, it crumbles to dust.
A guardian mummy comes into view.
The guardian mummy throws an exploding tomahawk.
You block the exploding tomahawk.
The exploding tomahawk explodes!
The explosion of tomahawk fragments engulfs you!
You hear a hideous shriek!
Unknown command.
You are confused.
Your system partially rejects the healing.
You feel invigorated.
The guardian mummy throws an exploding tomahawk.
The exploding tomahawk hits you but does no damage.
The exploding tomahawk explodes!
The explosion of tomahawk fragments engulfs you!
The bennu fails to trigger a blade trap.
You hear a hideous shriek!
You're too confused to move!
The guardian mummy throws an exploding tomahawk.
The exploding tomahawk completely misses you.
The exploding tomahawk explodes!
The explosion of tomahawk fragments engulfs you!
You hear a distant "Zot"!
You hear a hideous shriek!
Unknown command.
You feel less invigorated.
You feel less confused. The bennu pecks you but does no damage.
You block the bennu's attack. x3
The bennu misses you. You block the bennu's attack. The bennu misses you.
You riposte.
You slice the bennu!! Your bite misses the bennu.
The bennu is heavily wounded.
The bennu completely misses you. x2; The bennu closely misses you.
The bennu misses you. The bennu completely misses you.
As you read the scroll of teleportation, it crumbles to dust.
You feel strangely unstable. The bennu closely misses you.
You block the bennu's attack. The bennu closely misses you.
The greater mummy calls on the powers of darkness!
The bennu convulses!
Your body is wracked with pain!
* * * LOW HITPOINT WARNING * * *
You block the bennu's attack. The bennu completely misses you.
The bennu barely misses you.
Your surroundings suddenly seem different.
You block the greater mummy's attack.
A greater mummy comes into view.
The greater mummy calls on the powers of darkness!
Your body is wracked with pain!
* * * LOW HITPOINT WARNING * * *
You hear a hideous shriek! 4 mummies, 2 guardian mummies, a mummy priest and a flying skull come into view.
Unknown command.
Unknown command.
Okay, then.
Unknown command.
Okay, then.
Unknown command.
Okay, then.
Unknown command.
Blink to where?
Press: ? - help, Dir - move target cursor
As you read the scroll of blinking, it crumbles to dust. 2 mummies and a flying skull come into view.
You found a Zot trap!
You found a blade trap!
You found a bolt trap!
You feel a little less clever now. The flying skull barely misses you.
You hear a distant "Zot"!
You block the flying skull's attack.
You hear a loud "Zot"!
Found thirteen items.
Found a one-way staircase leading up.
Unknown command.
You can feel time thicken for a moment.
You destroy the flying skull!
Cheibriados thoroughly appreciates the change of pace.
You destroy the flying skull!
Cheibriados thoroughly appreciates the change of pace.
You feel somewhat more hungry. You block the mummy priest's attack.
The mummy hits you.
* * * LOW HITPOINT WARNING * * *
You block the mummy priest's attack.
Unknown command.
You step out of the flow of time.
You hear a distant "Zot"! x4
You feel a bit more experienced.
You hear a distant "Zot"! x10
You return to the normal time flow.
You are starving!
A mummy comes into view.
A bolt misses the flying skull!
The mummy moves out of view.
Unknown command.
As you read the scroll of fog, it crumbles to dust.
The scroll dissolves into smoke.
You block the mummy's attack. x2
You slice the guardian mummy!!
The guardian mummy convulses!
You destroy the guardian mummy!
Cheibriados thoroughly appreciates the change of pace.
You feel extremely nervous for a moment...
You convulse helplessly as pain tears through your body!
You die...

.. .. .. .. %.. #. ∆
##'## ∆ #....# # ∆
#...... .## .ZM......
##$..^... M<##
.zM§.....##§.......
^)W##.LzM.§..##§8§§.....
...^##†††)).##§§§M......
..M)##.†....##.§§§....$$
§.[§.#†††..|#..§.§§..$$$
.....#.†M.M.#^..^...$$$"
$..†.'....z.'....M..$$)[
.....#......#...z..$$:)=
$.!..#......#.....M.$)||
$$^.##......##.....$$)|)


You could see a mummy.

Vanquished Creatures
  the Royal Jelly (Slime:5)
  An ancient lich (Crypt:3)
  Mennas (Vaults:5)
  Boris (twice) (Vaults:4 Tomb:1)
  Sojobo (Vaults:4)
  9 greater mummies
  Margery (Vaults:4)
  Xtahua (Vaults:5)
  A golden dragon (Vaults:5)
  Nikola (Spider:1)
  Jory (Tomb:1)
  Jorgrun (Tomb:1)
  2 tentacled monstrosities (Vaults:5)
  5 liches
  6 titans (Vaults:5)
  16 acid blobs
  Frances (Spider:2)
  7 sphinxes
  Polyphemus (Shoals:3)
  2 shadow dragons (Vaults:5)
  3 storm dragons (Vaults:5)
  An ancient champion (Tomb:2)
  A fire giant (Vaults:3)
  5 tengu reavers
  2 azure jellies
  2 frost giants (Vaults:5)
  3 revenants
  2 iron dragons (Vaults:5)
  A deep elf sorcerer (Vaults:3)
  9 vault wardens
  An orc warlord (Orc:2)
  3 ghost moths (Spider:4)
  The ghost of brew9 the Severer, a journeyman MiBe of Trog (Orc:2)
  4 ironheart preservers
  A curse skull (Crypt:3)
  An entropy weaver (Spider:4)
  4 emperor scorpions (Spider:4)
  5 war gargoyles
  4 very ugly things
  4 stone giants
  2 vampire knights (Crypt:3)
  2 bennus (Tomb:2)
  A deep elf demonologist (Vaults:5)
  A dire elephant (Lair:6)
  An eidolon (Crypt:2)
  A spark wasp (Spider:4)
  3 ettins
  4 merfolk javelineers
  9 merfolk impalers
  A death ooze (Slime:5)
  A deep elf death mage (Crypt:1)
  5 jiangshi
  A fire dragon (Vaults:4)
  5 mummy priests
  A deep elf high priest (Vaults:5)
  A great orb of eyes (Slime:5)
  6 yaktaur captains
  A rakshasa (D:13)
  2 hydras
  A catoblepas (Lair:6)
  19 vault guards
  A death knight (Crypt:2)
  2 satyrs
  4 centaur warriors
  A dancing weapon (Vaults:5)
  An alligator snapping turtle (Shoals:4)
  3 merfolk aquamancers
  A deep troll shaman (Lair:6)
  30 death scarabs
  7 two-headed ogres
  An orc high priest (Orc:2)
  9 death yaks
  3 ogre magi
  2 soul eaters (Crypt:2)
  2 vampire magi
  A storm dragon zombie (Crypt:3)
  Sonja (Lair:4)
  3 deep elf knights
  2 shadow wraiths
  2 titan skeletons
  10 flayed ghosts
  3 hell knights (Vaults:4)
  2 golden dragon zombies
  5 sea snakes
  8 skeletal warriors
  3 deep trolls (Vaults:4)
  An unseen horror (D:14)
  A wizard (Vaults:2)
  2 deep elf archers
  17 phantasmal warriors
  5 necromancers
  A shadow dragon zombie (Crypt:3)
  4 orc knights
  4 ironbrand convokers
  12 wolf spiders
  8 deep elf magi
  8 orb spiders
  5 harpies
  7 fauns
  An orc sorcerer (Orc:1)
  An iron dragon zombie (Tomb:1)
  6 ugly things
  A cyclops (shapeshifter) (Vaults:5)
  A stone giant zombie (Crypt:1)
  A shining eye (Slime:5)
  An oklob plant (Lair:6)
  6 manticores
  A centaur zombie (D:14)
  A fire giant zombie (D:15)
  A frost giant skeleton (Crypt:3)
  3 cyclopes
  2 black mambas
  6 elephants
  4 vault sentinels
  3 eyes of devastation
  4 fire giant skeletons (Crypt:3)
  8 merfolk sirens
  A torpor snail (Spider:1)
  7 gargoyles
  6 spiny frogs
  An emperor scorpion zombie (Crypt:3)
  A catoblepas zombie (Tomb:1)
  2 dire elephant skeletons (Crypt:2)
  5 komodo dragons
  A human zombie (Vaults:5)
  A rime drake (Lair:2)
  7 freezing wraiths
  A rime drake (shapeshifter) (D:13)
  3 ice devils (IceCv)
  A redback zombie (D:13)
  10 demonic crawlers
  5 anaconda simulacra (IceCv)
  A ghost moth simulacrum (Crypt:2)
  A tengu conjurer (D:14)
  27 yaktaurs
  13 guardian mummies
  5 trolls
  2 polar bears (Lair:6)
  A hornet (shapeshifter) (Vaults:3)
  16 jumping spiders
  3 wind drakes
  6 hornets
  28 merfolk
  An ice dragon zombie (Crypt:3)
  8 blink frogs
  5 snapping turtles
  Grinder (D:6)
  2 harpy skeletons
  48 slime creatures
  A dream sheep (Shoals:4)
  2 tyrant leeches (Spider:2)
  6 hippogriffs
  An ettin zombie (D:15)
  13 flying skulls
  5 shadows
  6 fire dragon skeletons
  4 centaur simulacra
  2 vampires (Crypt:3)
  A tarantella (shapeshifter) (Vaults:5)
  43 redbacks
  2 dire elephant simulacra
  An ice dragon skeleton (Crypt:3)
  26 yaks
  11 wraiths
  10 tarantellas
  12 water elementals
  Eustachio (D:5)
  2 wyverns
  An ushabti (Tomb:1)
  16 golden eyes
  3 basilisks
  Grum (D:8)
  2 death yak simulacra (IceCv)
  An elf skeleton (Vaults:5)
  2 wargs (Orc:2)
  A harpy simulacrum (IceCv)
  An iron troll simulacrum (IceCv)
  2 acid dragons
  Edmund (D:6)
  A soldier ant (D:14)
  4 hydra simulacra (IceCv)
  9 water moccasins
  5 porcupines
  A floating eye (shapeshifter) (Vaults:5)
  16 orc warriors
  2 hornet zombies
  4 ice beasts
  An ettin simulacrum (IceCv)
  3 sky beasts
  11 ogres
  5 eyes of draining
  25 wolves
  2 boggarts
  7 centaurs
  A snapping turtle skeleton (Crypt:3)
  6 big kobolds
  6 crocodiles
  3 bullfrogs
  4 earth elementals (Spider:2)
  A spiny frog simulacrum (Crypt:2)
  A wyvern skeleton (D:9)
  A scorpion (D:13)
  A scorpion (shapeshifter) (Vaults:5)
  2 elephant simulacra (IceCv)
  7 killer bees (D:11)
  3 wights
  3 howler monkeys
  6 electric eels
  A bullfrog zombie (D:6)
  5 crimson imps
  A draconian simulacrum (IceCv)
  A bullfrog skeleton (D:7)
  2 hounds
  2 jellies
  9 orc priests
  The ghost of tidbits the Sneak, a weakling FeTm (D:4)
  A gnoll shaman (D:10)
  12 orc wizards
  2 iguanas
  5 centaur skeletons
  Ijyb (D:5)
  3 worker ants
  3 troll simulacra (IceCv)
  A spriggan simulacrum (IceCv)
  2 hound zombies
  An acid dragon skeleton (Crypt:2)
  A hound skeleton (D:6)
  8 mummies
  2 worker ant zombies
  12 gnolls
  8 adders
  A naga simulacrum (IceCv)
  An ogre simulacrum (IceCv)
  2 white imps (IceCv)
  3 ufetubi (IceCv)
  An ooze (D:3)
  A halfling zombie (Crypt:1)
  An adder skeleton (D:5)
  4 adder zombies
  A dart slug (D:1)
  2 leopard geckos
  49 orcs
  5 giant cockroaches
  A goblin (D:1)
  A hobgoblin (D:1)
  6 jackals
  2 quokkas
  2 bats (D:1)
  5 frilled lizards
  17 kobolds
  A quokka skeleton (D:8)
  A quokka zombie (D:8)
  2 rats (D:1)
  2 plants
  3 tentacles (Shoals:1)
1158 creatures vanquished.

Vanquished Creatures (collateral kills)
  An ancient lich (Tomb:3)
  A greater mummy (Tomb:1)
  Frederick (Vaults:4)
  A tentacled monstrosity (Vaults:5)
  An Ice Fiend (IceCv)
  Asterion (Spider:1)
  A kraken (Shoals:1)
  5 acid blobs
  2 ancient champions (Tomb:3)
  2 sphinxes (Tomb:1)
  2 tengu reavers
  An azure jelly (Slime:5)
  A frost giant (Vaults:5)
  5 vault wardens
  3 emperor scorpions
  3 ironheart preservers
  5 very ugly things (Vaults:5)
  A deep elf demonologist (Vaults:5)
  2 entropy weavers
  2 bennus (Tomb:3)
  An ettin (Vaults:5)
  An eidolon (Crypt:3)
  4 great orbs of eyes
  4 yaktaur captains (Vaults:5)
  4 death oozes (Slime:5)
  5 merfolk impalers
  2 ogre magi
  A deep elf high priest (Vaults:5)
  A fire dragon (Vaults:5)
  An ice dragon (Vaults:5)
  Erolcha (Orc:2)
  2 hydras
  7 vault guards (Vaults:5)
  A centaur warrior (D:13)
  2 satyrs
  A catoblepas (Shoals:3)
  7 two-headed ogres
  An anaconda (shapeshifter) (Vaults:5)
  14 death scarabs
  3 death yaks
  A vampire mage (Crypt:3)
  A hell knight (Vaults:4)
  5 skeletal warriors
  A glowing orange brain (Slime:5)
  A flayed ghost (Crypt:3)
  A wizard (D:14)
  An ironbrand convoker (Vaults:1)
  A deep troll (Vaults:4)
  3 orc knights
  4 harpies
  2 orb spiders
  4 ugly things
  4 wolf spiders
  3 deep elf magi
  4 manticores
  5 fauns
  An orc sorcerer (Orc:2)
  3 cyclopes
  A shining eye (shapeshifter) (Vaults:5)
  A moth of wrath (Spider:4)
  A black mamba (Lair:3)
  2 water nymphs
  A merfolk siren (Shoals:2)
  3 vault sentinels
  2 centaur zombies
  A fire giant skeleton (Crypt:3)
  3 centaur skeletons (D:14)
  A gargoyle (Crypt:3)
  2 spiny frogs
  A kobold demonologist (D:13)
  3 freezing wraiths
  9 yaktaurs
  3 ice devils (IceCv)
  5 guardian mummies
  A demonic crawler (Spider:1)
  12 merfolk
  2 trolls
  A polar bear (Lair:6)
  6 hornets
  13 jumping spiders
  2 tyrant leeches (Spider:2)
  A snapping turtle (Shoals:2)
  3 dream sheep (Shoals:4)
  7 blink frogs
  9 slime creatures
  2 hippogriffs
  A stone giant simulacrum (Vaults:5)
  4 flying skulls
  A shadow (D:15)
  13 tarantellas
  32 redbacks
  A spriggan (Lair:3)
  A wyvern (Lair:4)
  2 basilisks
  10 yaks
  A dire elephant simulacrum (IceCv)
  A hungry ghost (Crypt:3)
  A tengu zombie (D:15)
  A warg (Orc:2)
  A hydra simulacrum (IceCv)
  2 water moccasins
  A floating eye (Slime:5)
  2 porcupines (Lair:3)
  A meliai simulacrum (D:14)
  An ice beast (D:14)
  17 orc warriors
  12 ogres
  27 wolves
  7 centaurs
  A big kobold (D:14)
  5 crocodiles
  5 bullfrogs
  A wyvern zombie (Crypt:2)
  A gnoll sergeant (D:11)
  5 wights
  A crimson imp (D:15)
  A jelly (shapeshifter) (Vaults:5)
  5 orc priests
  9 orc wizards
  3 troll simulacra (IceCv)
  A centaur simulacrum (IceCv)
  2 mummies (Tomb:3)
  A gnoll (D:11)
  A howler monkey zombie (Crypt:2)
  An adder (D:12)
  A barachi zombie (Crypt:1)
  31 orcs
  3 fungi
  A tentacle (Shoals:1)
  2 withered plants (D:15)
468 creatures vanquished.

Vanquished Creatures (others)
  A death scarab (Tomb:3)
  An anaconda zombie (Tomb:2)
  A cyclops (shapeshifter) (Vaults:3)
  A tengu conjurer (D:14)
  A fire dragon zombie (Tomb:3)
  5 flying skulls
  A manticore skeleton (Tomb:2)
  An orc priest (Vaults:4)
  An ufetubus (IceCv)
  An orc (Orc:2)
  A fungus (Lair:6)
  4 plants
  21 spectral weapons
  6 tentacles (Shoals:1)
46 creatures vanquished.

Grand Total: 1672 creatures vanquished

Notes
Turn   | Place    | Note
-------+----------+-------------------------------------------
     0 | D:1      | tidbits the Gnoll Earth Elementalist began the quest for the Orb.
     0 | D:1      | Reached XP level 1. HP: 13/13 MP: 6/6
     9 | D:1      | Reached skill level 2 in Transmutations
    69 | D:1      | Reached XP level 2. HP: 19/19 MP: 4/7
   146 | D:1      | Learned a level 2 spell: Passwall
   162 | D:1      | Reached XP level 3. HP: 25/25 MP: 6/9
   276 | D:4      | Reached skill level 5 in Spellcasting
   307 | D:4      | Reached skill level 1 in Invocations
   320 | D:4      | Reached skill level 1 in Fighting
   320 | D:4      | Reached skill level 1 in Short Blades
   320 | D:4      | Reached skill level 1 in Long Blades
   320 | D:4      | Reached skill level 1 in Axes
   320 | D:4      | Reached skill level 1 in Maces & Flails
   320 | D:4      | Reached skill level 1 in Polearms
   320 | D:4      | Reached skill level 1 in Staves
   320 | D:4      | Reached skill level 1 in Slings
   320 | D:4      | Reached skill level 1 in Bows
   320 | D:4      | Reached skill level 1 in Crossbows
   320 | D:4      | Reached skill level 1 in Throwing
   320 | D:4      | Reached skill level 1 in Armour
   320 | D:4      | Reached skill level 1 in Shields
   320 | D:4      | Reached skill level 1 in Unarmed Combat
   320 | D:4      | Reached skill level 1 in Evocations
   320 | D:4      | Reached XP level 4. HP: 31/32 MP: 0/11
   326 | D:4      | Found a staircase to the Ecumenical Temple.
   364 | Temple   | Entered the Ecumenical Temple
   419 | Temple   | Became a worshipper of Cheibriados the Contemplative
   480 | D:4      | Reached skill level 1 in Conjurations
   480 | D:4      | Reached skill level 1 in Hexes
   480 | D:4      | Reached skill level 1 in Charms
   480 | D:4      | Reached skill level 1 in Summonings
   480 | D:4      | Reached skill level 1 in Necromancy
   480 | D:4      | Reached skill level 1 in Translocations
   480 | D:4      | Reached skill level 1 in Fire Magic
   480 | D:4      | Reached skill level 1 in Ice Magic
   480 | D:4      | Reached skill level 1 in Air Magic
   480 | D:4      | Reached skill level 1 in Poison Magic
   504 | D:4      | Noticed tidbits's ghost (weakling FeTm)
   507 | D:4      | Gained mutation: You are partially covered in yellow scales. (AC +2) [potion of mutation]
   507 | D:4      | Gained mutation: You possess an exceptional clarity of mind. [potion of mutation]
   507 | D:4      | Gained mutation: You are agile. (Dex +2) [potion of mutation]
   510 | D:4      | Killed tidbits's ghost
   510 | D:4      | Reached XP level 5. HP: 23/37 MP: 8/12
   761 | D:4      | Found Zeecleoja's Food Shoppe.
   776 | D:5      | Entered Level 5 of the Dungeon
   839 | D:5      | Noticed a sky beast
   842 | D:5      | Killed a sky beast
   842 | D:5      | Reached skill level 2 in Invocations
   842 | D:5      | Reached XP level 6. HP: 44/44 MP: 10/14
   869 | D:5      | Found a stormy altar of Qazlal.
   890 | D:5      | Noticed Ijyb
   934 | D:5      | Killed Ijyb
   934 | D:5      | Reached skill level 2 in Fighting
   934 | D:5      | Reached skill level 2 in Short Blades
   934 | D:5      | Reached skill level 2 in Long Blades
   934 | D:5      | Reached skill level 2 in Axes
   934 | D:5      | Reached skill level 2 in Maces & Flails
   934 | D:5      | Reached skill level 2 in Polearms
   934 | D:5      | Reached skill level 2 in Staves
   934 | D:5      | Reached skill level 2 in Slings
   934 | D:5      | Reached skill level 2 in Bows
   934 | D:5      | Reached skill level 2 in Crossbows
   934 | D:5      | Reached skill level 2 in Throwing
   934 | D:5      | Reached skill level 2 in Armour
   934 | D:5      | Reached skill level 5 in Dodging
   934 | D:5      | Reached skill level 2 in Shields
   934 | D:5      | Reached skill level 2 in Unarmed Combat
   934 | D:5      | Reached skill level 2 in Evocations
   989 | D:5      | Noticed Eustachio
  1003 | D:5      | Killed Eustachio
  1003 | D:5      | Reached XP level 7. HP: 35/51 MP: 0/15
  1054 | D:5      | Reached skill level 2 in Conjurations
  1054 | D:5      | Reached skill level 2 in Hexes
  1054 | D:5      | Reached skill level 2 in Charms
  1054 | D:5      | Reached skill level 2 in Summonings
  1054 | D:5      | Reached skill level 2 in Necromancy
  1054 | D:5      | Reached skill level 2 in Translocations
  1054 | D:5      | Reached skill level 3 in Transmutations
  1054 | D:5      | Reached skill level 2 in Fire Magic
  1054 | D:5      | Reached skill level 2 in Ice Magic
  1054 | D:5      | Reached skill level 2 in Air Magic
  1054 | D:5      | Reached skill level 2 in Poison Magic
  1141 | D:6      | Reached * piety under Cheibriados
  1141 | D:6      | Reached skill level 5 in Stealth
  1200 | D:6      | Noticed Edmund
  1213 | D:6      | Killed Edmund
  1213 | D:6      | Reached skill level 3 in Invocations
  1257 | D:6      | Reached skill level 6 in Earth Magic
  1257 | D:6      | Reached XP level 8. HP: 43/57 MP: 8/16
  1452 | D:7      | Reached skill level 3 in Fighting
  1452 | D:7      | Reached skill level 3 in Short Blades
  1452 | D:7      | Reached skill level 3 in Long Blades
  1452 | D:7      | Reached skill level 3 in Axes
  1452 | D:7      | Reached skill level 3 in Maces & Flails
  1452 | D:7      | Reached skill level 3 in Polearms
  1452 | D:7      | Reached skill level 3 in Staves
  1452 | D:7      | Reached skill level 3 in Slings
  1452 | D:7      | Reached skill level 3 in Bows
  1452 | D:7      | Reached skill level 3 in Crossbows
  1452 | D:7      | Reached skill level 3 in Throwing
  1452 | D:7      | Reached skill level 3 in Armour
  1452 | D:7      | Reached skill level 3 in Shields
  1452 | D:7      | Reached skill level 3 in Unarmed Combat
  1452 | D:7      | Reached skill level 3 in Evocations
  1494 | D:7      | Reached skill level 6 in Spellcasting
  1530 | D:7      | Learned a level 4 spell: Petrify
  1607 | D:6      | Reached ** piety under Cheibriados
  1624 | D:6      | Noticed Grinder
  1631 | D:6      | Killed Grinder
  1631 | D:6      | Reached skill level 4 in Invocations
  1637 | D:6      | Reached skill level 3 in Conjurations
  1637 | D:6      | Reached skill level 3 in Hexes
  1637 | D:6      | Reached skill level 3 in Charms
  1637 | D:6      | Reached skill level 3 in Summonings
  1637 | D:6      | Reached skill level 3 in Necromancy
  1637 | D:6      | Reached skill level 3 in Translocations
  1637 | D:6      | Reached skill level 3 in Fire Magic
  1637 | D:6      | Reached skill level 3 in Ice Magic
  1637 | D:6      | Reached skill level 3 in Air Magic
  1637 | D:6      | Reached skill level 3 in Poison Magic
  1637 | D:6      | Reached XP level 9. HP: 43/65 MP: 5/18
  1656 | D:6      | Reached skill level 6 in Dodging
  1859 | D:8      | Found a deep blue altar of Sif Muna.
  1862 | D:8      | Found a bloodstained altar of Trog.
  1863 | D:8      | Found an iron altar of Okawaru.
  1863 | D:8      | Found a glowing silver altar of Zin.
  1863 | D:8      | Found a blossoming altar of Fedhas.
  1948 | D:8      | Reached skill level 4 in Fighting
  1948 | D:8      | Reached skill level 4 in Short Blades
  1948 | D:8      | Reached skill level 4 in Long Blades
  1948 | D:8      | Reached skill level 4 in Axes
  1948 | D:8      | Reached skill level 4 in Maces & Flails
  1948 | D:8      | Reached skill level 4 in Polearms
  1948 | D:8      | Reached skill level 4 in Staves
  1948 | D:8      | Reached skill level 4 in Slings
  1948 | D:8      | Reached skill level 4 in Bows
  1948 | D:8      | Reached skill level 4 in Crossbows
  1948 | D:8      | Reached skill level 4 in Throwing
  1948 | D:8      | Reached skill level 4 in Armour
  1948 | D:8      | Reached skill level 4 in Shields
  1948 | D:8      | Reached skill level 4 in Unarmed Combat
  1948 | D:8      | Reached skill level 4 in Transmutations
  1948 | D:8      | Reached skill level 4 in Evocations
  1963 | D:8      | Reached skill level 6 in Stealth
  1979 | D:8      | Noticed Grum
  1990 | D:8      | Killed Grum
  2103 | D:8      | Reached *** piety under Cheibriados
  2253 | D:9      | Found a deep blue altar of Sif Muna.
  2313 | D:9      | Reached skill level 5 in Invocations
  2382 | D:10     | Entered Level 10 of the Dungeon
  2382 | D:10     | Found a hazy altar of Hepliaklqana.
  2476 | D:10     | Found Wilaz's Book Shoppe.
  2481 | D:10     | Bought a book of Necromancy for 300 gold pieces
  2485 | D:10     | Learned a level 3 spell: Regeneration
  2487 | D:10     | Learned a level 1 spell: Animate Skeleton
  2493 | D:10     | Learned a level 5 spell: Lee's Rapid Deconstruction
  2498 | D:10     | Learned a level 4 spell: Control Undead
  2558 | D:10     | Noticed a white ugly thing
  2569 | D:10     | Killed a white ugly thing
  2569 | D:10     | Reached skill level 7 in Spellcasting
  2569 | D:10     | Reached skill level 4 in Conjurations
  2569 | D:10     | Reached skill level 4 in Hexes
  2569 | D:10     | Reached skill level 4 in Charms
  2569 | D:10     | Reached skill level 4 in Summonings
  2569 | D:10     | Reached skill level 4 in Necromancy
  2569 | D:10     | Reached skill level 4 in Translocations
  2569 | D:10     | Reached skill level 4 in Fire Magic
  2569 | D:10     | Reached skill level 4 in Ice Magic
  2569 | D:10     | Reached skill level 4 in Air Magic
  2569 | D:10     | Reached skill level 4 in Poison Magic
  2569 | D:10     | Reached XP level 10. HP: 49/73 MP: 12/20
  2681 | D:11     | Found a staircase to the Lair.
  2681 | D:11     | Noticed an elephant
  2700 | D:11     | Reached **** piety under Cheibriados
  2725 | D:11     | Reached skill level 5 in Fighting
  2725 | D:11     | Reached skill level 5 in Short Blades
  2725 | D:11     | Reached skill level 5 in Long Blades
  2725 | D:11     | Reached skill level 5 in Axes
  2725 | D:11     | Reached skill level 5 in Maces & Flails
  2725 | D:11     | Reached skill level 5 in Polearms
  2725 | D:11     | Reached skill level 5 in Staves
  2725 | D:11     | Reached skill level 5 in Slings
  2725 | D:11     | Reached skill level 5 in Bows
  2725 | D:11     | Reached skill level 5 in Crossbows
  2725 | D:11     | Reached skill level 5 in Throwing
  2725 | D:11     | Reached skill level 5 in Armour
  2725 | D:11     | Reached skill level 5 in Shields
  2725 | D:11     | Reached skill level 5 in Unarmed Combat
  2725 | D:11     | Reached skill level 5 in Evocations
  2759 | D:11     | Reached skill level 7 in Earth Magic
  2769 | D:11     | Killed an elephant
  2769 | D:11     | Reached skill level 7 in Dodging
  2787 | Lair:1   | Entered Level 1 of the Lair of Beasts
  2794 | Lair:1   | Noticed a spiny frog
  2873 | Lair:1   | Reached skill level 5 in Transmutations
  2881 | Lair:1   | Reached skill level 6 in Invocations
  2977 | Lair:2   | Reached skill level 7 in Stealth
  3030 | Lair:1   | Noticed a spiny frog
  3034 | Lair:1   | Killed a spiny frog
  3113 | D:11     | Reached XP level 11. HP: 59/81 MP: 17/22
  3183 | D:12     | Learned a level 4 spell: Summon Lightning Spire
  3315 | D:13     | Reached ***** piety under Cheibriados
  3358 | D:13     | Noticed a two-headed ogre
  3370 | D:13     | Killed a two-headed ogre
  3370 | D:13     | Reached skill level 6 in Fighting
  3370 | D:13     | Reached skill level 6 in Short Blades
  3370 | D:13     | Reached skill level 6 in Long Blades
  3370 | D:13     | Reached skill level 6 in Axes
  3370 | D:13     | Reached skill level 6 in Maces & Flails
  3370 | D:13     | Reached skill level 6 in Polearms
  3370 | D:13     | Reached skill level 6 in Staves
  3370 | D:13     | Reached skill level 6 in Slings
  3370 | D:13     | Reached skill level 6 in Bows
  3370 | D:13     | Reached skill level 6 in Crossbows
  3370 | D:13     | Reached skill level 6 in Throwing
  3370 | D:13     | Reached skill level 6 in Armour
  3370 | D:13     | Reached skill level 6 in Shields
  3370 | D:13     | Reached skill level 6 in Unarmed Combat
  3370 | D:13     | Reached skill level 5 in Conjurations
  3370 | D:13     | Reached skill level 5 in Hexes
  3370 | D:13     | Reached skill level 5 in Charms
  3370 | D:13     | Reached skill level 5 in Summonings
  3370 | D:13     | Reached skill level 5 in Necromancy
  3370 | D:13     | Reached skill level 5 in Translocations
  3370 | D:13     | Reached skill level 5 in Fire Magic
  3370 | D:13     | Reached skill level 5 in Ice Magic
  3370 | D:13     | Reached skill level 5 in Air Magic
  3370 | D:13     | Reached skill level 5 in Poison Magic
  3370 | D:13     | Reached skill level 6 in Evocations
  3385 | D:13     | Noticed a two-headed ogre
  3388 | D:13     | Killed a two-headed ogre
  3388 | D:13     | Reached skill level 8 in Spellcasting
  3665 | D:13     | Noticed a two-headed ogre
  3666 | D:13     | Noticed a centaur warrior
  3668 | D:13     | Killed a centaur warrior
  3668 | D:13     | Reached skill level 7 in Invocations
  3669 | D:13     | Killed a two-headed ogre
  3669 | D:13     | Reached skill level 8 in Dodging
  3690 | D:13     | Noticed a deep elf mage
  3702 | D:13     | Killed a deep elf mage
  3763 | D:13     | Noticed a sun demon
  3826 | D:13     | Noticed a rakshasa
  3829 | D:13     | Killed a rakshasa
  3829 | D:13     | Reached skill level 6 in Transmutations
  3837 | D:13     | Noticed a centaur warrior
  3841 | D:13     | Reached skill level 8 in Stealth
  3848 | D:13     | Killed a centaur warrior
  3848 | D:13     | Reached XP level 12. HP: 81/89 MP: 13/24
  3975 | D:13     | Reached skill level 8 in Earth Magic
  4095 | D:12     | Found a staircase to the Orcish Mines.
  4102 | Orc:1    | Entered Level 1 of the Orcish Mines
  4166 | Orc:2    | Entered Level 2 of the Orcish Mines
  4192 | Orc:1    | Noticed a two-headed ogre
  4199 | Orc:1    | Killed a two-headed ogre
  4199 | Orc:1    | Reached skill level 7 in Fighting
  4199 | Orc:1    | Reached skill level 7 in Short Blades
  4199 | Orc:1    | Reached skill level 7 in Long Blades
  4199 | Orc:1    | Reached skill level 7 in Axes
  4199 | Orc:1    | Reached skill level 7 in Maces & Flails
  4199 | Orc:1    | Reached skill level 7 in Polearms
  4199 | Orc:1    | Reached skill level 7 in Staves
  4199 | Orc:1    | Reached skill level 7 in Slings
  4199 | Orc:1    | Reached skill level 7 in Bows
  4199 | Orc:1    | Reached skill level 7 in Crossbows
  4199 | Orc:1    | Reached skill level 7 in Throwing
  4199 | Orc:1    | Reached skill level 7 in Armour
  4199 | Orc:1    | Reached skill level 7 in Shields
  4199 | Orc:1    | Reached skill level 7 in Unarmed Combat
  4199 | Orc:1    | Reached skill level 7 in Evocations
  4277 | Orc:1    | Noticed an ettin
  4281 | Orc:1    | HP: 2/91 [ettin/dire flail (29)]
  4300 | Orc:1    | Killed an ettin
  4551 | Orc:2    | Found Houcucau's Book Boutique.
  4582 | Orc:2    | Found Orub's Gadget Shop.
  4586 | Orc:2    | Reached skill level 6 in Conjurations
  4586 | Orc:2    | Reached skill level 6 in Hexes
  4586 | Orc:2    | Reached skill level 6 in Charms
  4586 | Orc:2    | Reached skill level 6 in Summonings
  4586 | Orc:2    | Reached skill level 6 in Necromancy
  4586 | Orc:2    | Reached skill level 6 in Translocations
  4586 | Orc:2    | Reached skill level 6 in Fire Magic
  4586 | Orc:2    | Reached skill level 6 in Ice Magic
  4586 | Orc:2    | Reached skill level 6 in Air Magic
  4586 | Orc:2    | Reached skill level 6 in Poison Magic
  4627 | Orc:2    | Found a roughly hewn altar of Beogh.
  4636 | Orc:2    | Noticed brew9's ghost (journeyman MiBe)
  4651 | Orc:2    | Upgraded the game from 0.21-a0-582-g1b93aee to 0.21-a0-584-g185da8e
  4651 | Orc:2    | HP: 9/91 [brew9's ghost (8)]
  4663 | Orc:2    | Noticed a two-headed ogre
  4747 | Orc:1    | Reached skill level 8 in Invocations
  4810 | Orc:2    | Noticed Erolcha
  4814 | Orc:2    | Reached ****** piety under Cheibriados
  4821 | Orc:2    | Killed Erolcha
  4821 | Orc:2    | Reached skill level 9 in Spellcasting
  4826 | Orc:2    | Killed a two-headed ogre
  4899 | Orc:2    | Killed brew9's ghost
  4969 | Orc:2    | Noticed a two-headed ogre
  4981 | Orc:2    | Killed a two-headed ogre
  4994 | Orc:2    | Reached skill level 9 in Dodging
  5137 | Orc:2    | Got a shimmering falchion
  5138 | Orc:2    | Identified the +11 falchion "Jaduwk" {slice, -Tele rPois Stlth+} (You found it on level 2 of the Orcish Mines)
  5162 | Orc:2    | Noticed an orc high priest
  5166 | Orc:2    | Killed an orc high priest
  5166 | Orc:2    | Reached XP level 13. HP: 98/98 MP: 21/26
  5220 | Orc:2    | Noticed a stone giant
  5233 | Orc:2    | Killed a stone giant
  5256 | Orc:2    | Reached skill level 9 in Stealth
  5272 | Orc:2    | Noticed an orc warlord
  5283 | Orc:2    | Killed an orc warlord
  5283 | Orc:2    | Reached skill level 7 in Transmutations
  5543 | Orc:2    | Bought a book of the Earth for 1040 gold pieces
  5550 | Orc:2    | Learned a level 6 spell: Statue Form
  5643 | D:12     | Reached skill level 8 in Fighting
  5643 | D:12     | Reached skill level 8 in Short Blades
  5643 | D:12     | Reached skill level 8 in Long Blades
  5643 | D:12     | Reached skill level 8 in Axes
  5643 | D:12     | Reached skill level 8 in Maces & Flails
  5643 | D:12     | Reached skill level 8 in Polearms
  5643 | D:12     | Reached skill level 8 in Staves
  5643 | D:12     | Reached skill level 8 in Slings
  5643 | D:12     | Reached skill level 8 in Bows
  5643 | D:12     | Reached skill level 8 in Crossbows
  5643 | D:12     | Reached skill level 8 in Throwing
  5643 | D:12     | Reached skill level 8 in Armour
  5643 | D:12     | Reached skill level 8 in Shields
  5643 | D:12     | Reached skill level 8 in Unarmed Combat
  5643 | D:12     | Reached skill level 8 in Evocations
  5818 | Lair:3   | Reached skill level 9 in Invocations
  5978 | Lair:2   | Reached skill level 7 in Conjurations
  5978 | Lair:2   | Reached skill level 7 in Hexes
  5978 | Lair:2   | Reached skill level 7 in Charms
  5978 | Lair:2   | Reached skill level 7 in Summonings
  5978 | Lair:2   | Reached skill level 7 in Necromancy
  5978 | Lair:2   | Reached skill level 7 in Translocations
  5978 | Lair:2   | Reached skill level 7 in Fire Magic
  5978 | Lair:2   | Reached skill level 7 in Ice Magic
  5978 | Lair:2   | Reached skill level 7 in Air Magic
  5978 | Lair:2   | Reached skill level 9 in Earth Magic
  5978 | Lair:2   | Reached skill level 7 in Poison Magic
  6053 | Lair:2   | Found a hole to the Spider Nest.
  6068 | Spider:1 | Entered Level 1 of the Spider Nest
  6118 | Spider:1 | Reached skill level 10 in Spellcasting
  6127 | Spider:1 | Noticed Asterion
  6181 | Spider:1 | Noticed an entropy weaver
  6184 | Spider:1 | Reached XP level 14. HP: 106/106 MP: 24/28
  6197 | Spider:1 | Killed an entropy weaver
  6198 | Spider:1 | Killed Asterion
  6198 | Spider:1 | Reached skill level 10 in Dodging
  6200 | Spider:1 | Noticed Nikola
  6204 | Spider:1 | Killed Nikola
  6211 | Spider:1 | Reached skill level 9 in Fighting
  6211 | Spider:1 | Reached skill level 9 in Short Blades
  6211 | Spider:1 | Reached skill level 9 in Long Blades
  6211 | Spider:1 | Reached skill level 9 in Axes
  6211 | Spider:1 | Reached skill level 9 in Maces & Flails
  6211 | Spider:1 | Reached skill level 9 in Polearms
  6211 | Spider:1 | Reached skill level 9 in Staves
  6211 | Spider:1 | Reached skill level 9 in Slings
  6211 | Spider:1 | Reached skill level 9 in Bows
  6211 | Spider:1 | Reached skill level 9 in Crossbows
  6211 | Spider:1 | Reached skill level 9 in Throwing
  6211 | Spider:1 | Reached skill level 9 in Armour
  6211 | Spider:1 | Reached skill level 9 in Shields
  6211 | Spider:1 | Reached skill level 9 in Unarmed Combat
  6211 | Spider:1 | Reached skill level 9 in Evocations
  6225 | Spider:1 | Reached skill level 10 in Stealth
  6292 | Spider:1 | Noticed an emperor scorpion
  6300 | Spider:1 | Killed an emperor scorpion
  6300 | Spider:1 | Reached skill level 8 in Transmutations
  6300 | Spider:1 | Reached skill level 10 in Invocations
  6339 | Spider:1 | Found a frozen archway.
  6347 | IceCv    | Entered an ice cave
  6374 | IceCv    | Learned a level 2 spell: Song of Slaying
  6413 | IceCv    | Got a faintly glowing short sword
  6415 | IceCv    | Identified the +5 short sword of the Wasp {drain, SInv} (You found it in an ice cave)
  6623 | IceCv    | Noticed an Ice Fiend
  6629 | IceCv    | Killed an Ice Fiend
  6666 | IceCv    | Identified the amulet of Ahedgh {Spirit -Tele rElec rF++ Str+4} (You found it in an ice cave)
  6696 | IceCv    | Got a brightly glowing tin ring
  6698 | IceCv    | Identified the ring "Faby" {rPois rF+ rN+ Str-2} (You found it in an ice cave)
  6736 | Spider:2 | Noticed an emperor scorpion
  6749 | Spider:2 | Killed an emperor scorpion
  6790 | Spider:2 | Noticed Frances
  6809 | Spider:2 | Killed Frances
  6935 | Spider:2 | Reached skill level 8 in Conjurations
  6935 | Spider:2 | Reached skill level 8 in Hexes
  6935 | Spider:2 | Reached skill level 8 in Charms
  6935 | Spider:2 | Reached skill level 8 in Summonings
  6935 | Spider:2 | Reached skill level 8 in Necromancy
  6935 | Spider:2 | Reached skill level 8 in Translocations
  6935 | Spider:2 | Reached skill level 8 in Fire Magic
  6935 | Spider:2 | Reached skill level 8 in Ice Magic
  6935 | Spider:2 | Reached skill level 8 in Air Magic
  6935 | Spider:2 | Reached skill level 8 in Poison Magic
  6937 | Spider:2 | Reached XP level 15. HP: 114/114 MP: 19/29
  6943 | Spider:2 | Learned a level 3 spell: Spectral Weapon
  6981 | Spider:2 | Got a transparent dagger
  6982 | Spider:2 | Identified the +8 dagger "Tiora" {venom, rN+} (You found it on level 2 of the Spider Nest)
  7012 | Spider:4 | Entered Level 4 of the Spider Nest
  7273 | Spider:4 | Noticed a ghost moth
  7276 | Spider:4 | Killed a ghost moth
  7291 | Spider:4 | Reached skill level 11 in Spellcasting
  7342 | Spider:4 | Learned a level 4 spell: Animate Dead
  7347 | Spider:4 | Reached skill level 10 in Earth Magic
  7368 | Spider:4 | Noticed a ghost moth
  7376 | Spider:4 | Killed a ghost moth
  7410 | Spider:4 | Noticed an emperor scorpion
  7410 | Spider:4 | Noticed an emperor scorpion
  7410 | Spider:4 | Noticed an emperor scorpion
  7412 | Spider:4 | Noticed an emperor scorpion
  7415 | Spider:4 | Noticed a ghost moth
  7417 | Spider:4 | Noticed an emperor scorpion
  7422 | Spider:4 | Killed a ghost moth
  7422 | Spider:4 | Reached skill level 10 in Fighting
  7422 | Spider:4 | Reached skill level 10 in Short Blades
  7422 | Spider:4 | Reached skill level 10 in Long Blades
  7422 | Spider:4 | Reached skill level 10 in Axes
  7422 | Spider:4 | Reached skill level 10 in Maces & Flails
  7422 | Spider:4 | Reached skill level 10 in Polearms
  7422 | Spider:4 | Reached skill level 10 in Staves
  7422 | Spider:4 | Reached skill level 10 in Slings
  7422 | Spider:4 | Reached skill level 10 in Bows
  7422 | Spider:4 | Reached skill level 10 in Crossbows
  7422 | Spider:4 | Reached skill level 10 in Throwing
  7422 | Spider:4 | Reached skill level 10 in Armour
  7422 | Spider:4 | Reached skill level 10 in Shields
  7422 | Spider:4 | Reached skill level 10 in Unarmed Combat
  7422 | Spider:4 | Reached skill level 10 in Evocations
  7435 | Spider:4 | Killed an emperor scorpion
  7441 | Spider:4 | Killed an emperor scorpion
  7448 | Spider:4 | Killed an emperor scorpion
  7448 | Spider:4 | Reached skill level 11 in Dodging
  7457 | Spider:4 | Killed an emperor scorpion
  7481 | Spider:4 | Killed an emperor scorpion
  7496 | Spider:4 | Got a gossamer rune of Zot
  7608 | Spider:3 | Reached skill level 11 in Invocations
  7852 | Lair:4   | Reached skill level 11 in Stealth
  7860 | Lair:4   | Reached skill level 9 in Transmutations
  7870 | Lair:4   | Noticed Sonja
  7873 | Lair:4   | Killed Sonja
  7875 | Lair:4   | Reached XP level 16. HP: 105/122 MP: 13/31
  7958 | Lair:6   | Entered Level 6 of the Lair of Beasts
  8219 | Lair:3   | Found a staircase to the Shoals.
  8252 | Shoals:1 | Entered Level 1 of the Shoals
  8345 | Shoals:1 | Found Itausexe's Magic Scroll Shoppe.
  8529 | Shoals:1 | Noticed a kraken
  8544 | Shoals:1 | Killed a kraken
  8544 | Shoals:1 | Reached skill level 9 in Conjurations
  8544 | Shoals:1 | Reached skill level 9 in Hexes
  8544 | Shoals:1 | Reached skill level 9 in Charms
  8544 | Shoals:1 | Reached skill level 9 in Summonings
  8544 | Shoals:1 | Reached skill level 9 in Necromancy
  8544 | Shoals:1 | Reached skill level 9 in Translocations
  8544 | Shoals:1 | Reached skill level 9 in Fire Magic
  8544 | Shoals:1 | Reached skill level 9 in Ice Magic
  8544 | Shoals:1 | Reached skill level 9 in Air Magic
  8544 | Shoals:1 | Reached skill level 9 in Poison Magic
  8721 | Shoals:4 | Entered Level 4 of the Shoals
  8778 | Shoals:4 | Got a barnacled rune of Zot
  8812 | Shoals:3 | Noticed Polyphemus
  8828 | Shoals:3 | Killed Polyphemus
  8865 | Shoals:3 | Identified a scroll of acquirement
  8893 | Shoals:3 | Reached skill level 11 in Fighting
  8893 | Shoals:3 | Reached skill level 11 in Short Blades
  8893 | Shoals:3 | Reached skill level 11 in Long Blades
  8893 | Shoals:3 | Reached skill level 11 in Axes
  8893 | Shoals:3 | Reached skill level 11 in Maces & Flails
  8893 | Shoals:3 | Reached skill level 11 in Polearms
  8893 | Shoals:3 | Reached skill level 11 in Staves
  8893 | Shoals:3 | Reached skill level 11 in Slings
  8893 | Shoals:3 | Reached skill level 11 in Bows
  8893 | Shoals:3 | Reached skill level 11 in Crossbows
  8893 | Shoals:3 | Reached skill level 11 in Throwing
  8893 | Shoals:3 | Reached skill level 11 in Armour
  8893 | Shoals:3 | Reached skill level 11 in Shields
  8893 | Shoals:3 | Reached skill level 11 in Unarmed Combat
  8893 | Shoals:3 | Reached skill level 11 in Evocations
  9006 | Shoals:4 | Reached skill level 12 in Spellcasting
  9010 | Shoals:4 | Reached XP level 17. HP: 131/131 MP: 19/33
  9026 | Shoals:4 | Reached skill level 12 in Invocations
  9213 | Shoals:4 | Reached skill level 12 in Dodging
  9515 | Lair:4   | Reached skill level 11 in Earth Magic
  9718 | D:11     | Reached skill level 12 in Stealth
  9757 | D:10     | Bought a book of Cantrips for 200 gold pieces
  9757 | D:10     | Bought a book of Spatial Translocations for 650 gold pieces
  9757 | D:10     | Bought a book of Alchemy for 750 gold pieces
  9762 | D:10     | Learned a level 4 spell: Passage of Golubria
  9834 | Lair:4   | Learned a level 1 spell: Apportation
  9899 | Lair:6   | Found a runed door.
  9899 | Lair:6   | Found a viscous altar of Jiyva.
  9902 | Lair:6   | Noticed an acid blob
  9903 | Lair:6   | Found a staircase to the Slime Pits.
 10063 | Lair:6   | Reached skill level 10 in Transmutations
 10198 | Lair:6   | Learned a level 5 spell: Irradiate
 10204 | Lair:6   | Killed an acid blob
 10212 | Slime:1  | Entered Level 1 of the Pits of Slime
 10212 | Slime:1  | Noticed an acid blob
 10214 | Slime:1  | Noticed an acid blob
 10215 | Slime:1  | Noticed an acid blob
 10216 | Slime:1  | Killed an acid blob
 10219 | Slime:1  | Killed an acid blob
 10220 | Slime:1  | Killed an acid blob
 10249 | Slime:1  | Noticed an acid blob
 10255 | Slime:1  | Killed an acid blob
 10299 | Slime:2  | Noticed an acid blob
 10301 | Slime:2  | Noticed an acid blob
 10305 | Slime:2  | Killed an acid blob
 10309 | Slime:2  | Killed an acid blob
 10355 | Slime:3  | Reached skill level 10 in Conjurations
 10355 | Slime:3  | Reached skill level 10 in Hexes
 10355 | Slime:3  | Reached skill level 10 in Charms
 10355 | Slime:3  | Reached skill level 10 in Summonings
 10355 | Slime:3  | Reached skill level 10 in Necromancy
 10355 | Slime:3  | Reached skill level 10 in Translocations
 10355 | Slime:3  | Reached skill level 10 in Fire Magic
 10355 | Slime:3  | Reached skill level 10 in Ice Magic
 10355 | Slime:3  | Reached skill level 10 in Air Magic
 10355 | Slime:3  | Reached skill level 10 in Poison Magic
 10363 | Slime:3  | Noticed an acid blob
 10373 | Slime:3  | Killed an acid blob
 10384 | Slime:3  | Reached XP level 18. HP: 94/139 MP: 26/34
 10500 | Slime:5  | Entered Level 5 of the Pits of Slime
 10598 | Slime:5  | Noticed the Royal Jelly
 10602 | Slime:5  | Found a viscous altar of Jiyva.
 10635 | Slime:5  | Killed the Royal Jelly
 10635 | Slime:5  | Reached skill level 12 in Fighting
 10635 | Slime:5  | Reached skill level 12 in Short Blades
 10635 | Slime:5  | Reached skill level 12 in Long Blades
 10635 | Slime:5  | Reached skill level 12 in Axes
 10635 | Slime:5  | Reached skill level 12 in Maces & Flails
 10635 | Slime:5  | Reached skill level 12 in Polearms
 10635 | Slime:5  | Reached skill level 12 in Staves
 10635 | Slime:5  | Reached skill level 12 in Slings
 10635 | Slime:5  | Reached skill level 12 in Bows
 10635 | Slime:5  | Reached skill level 12 in Crossbows
 10635 | Slime:5  | Reached skill level 12 in Throwing
 10635 | Slime:5  | Reached skill level 12 in Armour
 10635 | Slime:5  | Reached skill level 12 in Shields
 10635 | Slime:5  | Reached skill level 12 in Unarmed Combat
 10635 | Slime:5  | Reached skill level 12 in Evocations
 10650 | Slime:5  | Reached skill level 13 in Invocations
 10680 | Slime:5  | Got a translucent quarterstaff
 10701 | Slime:5  | Found the +3 salamander hide armour {+Rage rF++}
 10723 | Slime:5  | Got a slimy rune of Zot
 10763 | Slime:5  | Identified the +9 quarterstaff of Quantum Leap {freeze, Str+4 SInv} (You found it on level 5 of the Pits of Slime)
 10787 | Slime:5  | Identified the +2 robe of Mirth {Int+4} (You found it on level 5 of the Pits of Slime)
 11073 | D:14     | Found a gate to the Vaults.
 11187 | D:14     | Found the +8 demon blade "Bloodbane" {slice, *Rage +Rage Stlth-}
 11201 | D:14     | Reached skill level 13 in Spellcasting
 11221 | D:14     | Identified the ring of Vaelarel {+Fly MP+9 Str+4} (You found it on level 14 of the Dungeon)
 11301 | D:15     | Entered Level 15 of the Dungeon
 11311 | D:15     | Found a staircase to the Depths.
 11492 | Vaults:1 | Entered Level 1 of the Vaults
 11492 | Vaults:1 | Found Saetitt's Magic Scroll Shop.
 11501 | Vaults:1 | Bought a scroll of magic mapping for 38 gold pieces
 11501 | Vaults:1 | Bought a scroll of magic mapping for 38 gold pieces
 11501 | Vaults:1 | Bought a scroll of enchant armour for 82 gold pieces
 11501 | Vaults:1 | Bought a scroll of enchant armour for 82 gold pieces
 11501 | Vaults:1 | Bought a scroll of enchant weapon for 82 gold pieces
 11501 | Vaults:1 | Bought a scroll of silence for 82 gold pieces
 11501 | Vaults:1 | Bought a scroll of teleportation for 33 gold pieces
 11515 | Vaults:1 | Reached skill level 13 in Dodging
 11586 | Vaults:3 | Found Tynner's Antique Armour Shop.
 11638 | Vaults:3 | Reached XP level 19. HP: 147/147 MP: 23/36
 11650 | Vaults:3 | Paralysed by a sphinx for 3 turns
 11660 | Vaults:3 | Reached skill level 13 in Stealth
 11698 | Vaults:3 | Found Miemn's Antique Armour Shop.
 11886 | Vaults:4 | Noticed Sojobo
 11899 | Vaults:4 | Killed Sojobo
 11899 | Vaults:4 | Reached skill level 11 in Transmutations
 11942 | Vaults:4 | Reached skill level 12 in Earth Magic
 11946 | Vaults:4 | Noticed Boris
 11962 | Vaults:4 | Killed Boris
 11972 | Vaults:4 | Found Acuutini's Antique Armour Shoppe.
 11975 | Vaults:4 | Bought a shiny helmet for 217 gold pieces
 12001 | Vaults:4 | Noticed Margery
 12026 | Vaults:4 | Killed Margery
 12064 | Vaults:5 | Entered Level 5 of the Vaults
 12076 | Vaults:5 | Reached skill level 11 in Conjurations
 12076 | Vaults:5 | Reached skill level 11 in Hexes
 12076 | Vaults:5 | Reached skill level 11 in Charms
 12076 | Vaults:5 | Reached skill level 11 in Summonings
 12076 | Vaults:5 | Reached skill level 11 in Necromancy
 12076 | Vaults:5 | Reached skill level 11 in Translocations
 12076 | Vaults:5 | Reached skill level 11 in Fire Magic
 12076 | Vaults:5 | Reached skill level 11 in Ice Magic
 12076 | Vaults:5 | Reached skill level 11 in Air Magic
 12076 | Vaults:5 | Reached skill level 11 in Poison Magic
 12093 | Vaults:5 | Reached XP level 20. HP: 155/155 MP: 9/37
 12094 | Vaults:5 | Reached skill level 13 in Fighting
 12094 | Vaults:5 | Reached skill level 13 in Short Blades
 12094 | Vaults:5 | Reached skill level 13 in Long Blades
 12094 | Vaults:5 | Reached skill level 13 in Axes
 12094 | Vaults:5 | Reached skill level 13 in Maces & Flails
 12094 | Vaults:5 | Reached skill level 13 in Polearms
 12094 | Vaults:5 | Reached skill level 13 in Staves
 12094 | Vaults:5 | Reached skill level 13 in Slings
 12094 | Vaults:5 | Reached skill level 13 in Bows
 12094 | Vaults:5 | Reached skill level 13 in Crossbows
 12094 | Vaults:5 | Reached skill level 13 in Throwing
 12094 | Vaults:5 | Reached skill level 13 in Armour
 12094 | Vaults:5 | Reached skill level 13 in Shields
 12094 | Vaults:5 | Reached skill level 13 in Unarmed Combat
 12094 | Vaults:5 | Reached skill level 14 in Invocations
 12094 | Vaults:5 | Reached skill level 13 in Evocations
 12096 | Vaults:5 | Noticed Xtahua
 12098 | Vaults:5 | Noticed a Tzitzimitl
 12107 | Vaults:5 | HP: 19/202 [vault warden/bardiche of pain (17)]
 12111 | Vaults:5 | Paralysed by Xtahua for 3 turns
 12117 | Vaults:5 | Paralysed by Xtahua for 4 turns
 12122 | Vaults:5 | Killed Xtahua
 12124 | Vaults:5 | Gained mutation: Potions are less effective at restoring your health. [mutagenic glow]
 12172 | Vaults:5 | Got a bronze scale mail
 12216 | Vaults:5 | Identified the +6 scale mail of Loleag {rCorr Str+2} (You found it on level 5 of the Vaults)
 12278 | Vaults:5 | Reached skill level 14 in Spellcasting
 12282 | Vaults:5 | Noticed Mennas
 12300 | Vaults:5 | Killed Mennas
 12349 | Vaults:5 | Reached skill level 14 in Dodging
 12382 | Vaults:5 | Found Beseig's Antique Armour Shoppe.
 12418 | Vaults:5 | Found Ruda's Jewellery Shoppe.
 12439 | Vaults:5 | Reached skill level 14 in Stealth
 12451 | Vaults:5 | Noticed a golden dragon
 12455 | Vaults:5 | Killed a golden dragon
 12532 | Vaults:5 | Reached XP level 21. HP: 100/163 MP: 27/39
 12546 | Vaults:5 | Reached skill level 14 in Armour
 12547 | Vaults:5 | Noticed Dustman's ghost (legendary HuGl)
 12667 | Vaults:5 | Got a silver rune of Zot
 12806 | Vaults:4 | Noticed Frederick
 12812 | Vaults:4 | Reached skill level 12 in Transmutations
 12819 | Vaults:4 | Killed Frederick
 13002 | Vaults:2 | Found an ancient bone altar of Kikubaaqudgha.
 13009 | Vaults:2 | Found a basalt altar of Yredelemnul.
 13027 | Crypt:1  | Entered Level 1 of the Crypt
 13041 | Crypt:1  | You fall through a shaft!
 13071 | Crypt:3  | Entered Level 3 of the Crypt
 13100 | Crypt:2  | Reached skill level 12 in Conjurations
 13100 | Crypt:2  | Reached skill level 12 in Hexes
 13100 | Crypt:2  | Reached skill level 12 in Charms
 13100 | Crypt:2  | Reached skill level 12 in Summonings
 13100 | Crypt:2  | Reached skill level 12 in Necromancy
 13100 | Crypt:2  | Reached skill level 12 in Translocations
 13100 | Crypt:2  | Reached skill level 12 in Fire Magic
 13100 | Crypt:2  | Reached skill level 12 in Ice Magic
 13100 | Crypt:2  | Reached skill level 12 in Air Magic
 13100 | Crypt:2  | Reached skill level 13 in Earth Magic
 13100 | Crypt:2  | Reached skill level 12 in Poison Magic
 13100 | Crypt:2  | Reached skill level 15 in Invocations
 13207 | Crypt:3  | Reached skill level 14 in Fighting
 13207 | Crypt:3  | Reached skill level 14 in Short Blades
 13207 | Crypt:3  | Reached skill level 14 in Long Blades
 13207 | Crypt:3  | Reached skill level 14 in Axes
 13207 | Crypt:3  | Reached skill level 14 in Maces & Flails
 13207 | Crypt:3  | Reached skill level 14 in Polearms
 13207 | Crypt:3  | Reached skill level 14 in Staves
 13207 | Crypt:3  | Reached skill level 14 in Slings
 13207 | Crypt:3  | Reached skill level 14 in Bows
 13207 | Crypt:3  | Reached skill level 14 in Crossbows
 13207 | Crypt:3  | Reached skill level 14 in Throwing
 13207 | Crypt:3  | Reached skill level 14 in Shields
 13207 | Crypt:3  | Reached skill level 14 in Unarmed Combat
 13207 | Crypt:3  | Reached skill level 14 in Evocations
 13423 | Crypt:3  | Found the +9 sword of Zonguldrok {reap}
 13570 | Crypt:3  | Got a slimy glass ring
 13572 | Crypt:3  | Identified the ring of the Seven Lives {*Tele MR+ SInv} (You found it on level 3 of the Crypt)
 13633 | Crypt:3  | Reached skill level 15 in Armour
 13748 | Crypt:3  | Reached XP level 22. HP: 172/172 MP: 35/40
 13889 | Crypt:3  | Found a staircase to the Tomb.
 13915 | Crypt:3  | Got a sparkling brass ring
 13916 | Crypt:3  | Identified the ring of Lagay {+Inv Int+2} (You found it on level 3 of the Crypt)
 13921 | Crypt:3  | Noticed an ancient lich
 13927 | Crypt:3  | Killed an ancient lich
 13949 | Crypt:3  | Learned a level 4 spell: Control Undead
 13953 | Tomb:1   | Entered Level 1 of the Tomb of the Ancients
 13985 | Tomb:1   | Noticed Jorgrun
 13985 | Tomb:1   | Noticed Boris
 13993 | Tomb:1   | Killed Jorgrun
 13996 | Tomb:1   | Killed Boris
 13996 | Tomb:1   | Reached skill level 15 in Spellcasting
 14068 | Tomb:1   | Noticed Jory
 14089 | Tomb:1   | Killed Jory
 14123 | Tomb:1   | Noticed a greater mummy
 14133 | Tomb:1   | Killed a greater mummy
 14133 | Tomb:1   | Reached skill level 15 in Dodging
 14134 | Tomb:1   | Noticed a greater mummy
 14139 | Tomb:1   | Killed a greater mummy
 14154 | Tomb:1   | Noticed a greater mummy
 14154 | Tomb:1   | Noticed a greater mummy
 14154 | Tomb:1   | Noticed a greater mummy
 14154 | Tomb:1   | Noticed a greater mummy
 14202 | Tomb:1   | Killed a greater mummy
 14202 | Tomb:1   | Reached skill level 15 in Stealth
 14214 | Tomb:1   | Killed a greater mummy
 14222 | Tomb:1   | Killed a greater mummy
 14231 | Tomb:1   | Noticed a greater mummy
 14235 | Tomb:1   | Killed a greater mummy
 14246 | Tomb:1   | Killed a greater mummy
 14248 | Tomb:1   | Noticed a greater mummy
 14249 | Tomb:1   | Killed a greater mummy
 14370 | Tomb:2   | Reached skill level 16 in Armour
 14432 | Tomb:2   | Learned a level 8 spell: Ignition
 14438 | Tomb:3   | Entered Level 3 of the Tomb of the Ancients
 14446 | Tomb:3   | Reached XP level 23. HP: 179/179 MP: 25/42
 14452 | Tomb:3   | Noticed an ancient lich
 14455 | Tomb:3   | Noticed a greater mummy
 14458 | Tomb:3   | Killed an ancient lich
 14466 | Tomb:3   | Killed a greater mummy
 14468 | Tomb:3   | Noticed a greater mummy
 14476 | Tomb:3   | Killed a greater mummy
 14483 | Tomb:3   | HP: 12/234 [something (20)]
 14484 | Tomb:3   | Noticed a greater mummy
 14489 | Tomb:3   | HP: 20/234 [??? (5)]
 14490 | Tomb:3   | Noticed a greater mummy
 14495 | Tomb:3   | Killed by a guardian mummy's death curse

Vault maps used:
D:1:      minmay_arrival_diagonal_passages
D:2:      bloody_trog
D:3:      nicolae_qazlal_eye_of_the_storm, first_ration, kennysheep_nub,
          serial_bayou_lake_a
D:4:      minmay_temple_entry_statues, serial_shops, shop
D:5:      basic_altar, uniq_eustachio, uniq_ijyb
D:6:      uniq_edmund, uniq_grinder
D:8:      grunt_temple_overflow_open, uniq_grum
D:9:      basic_altar, blue_anna_alchemist
D:10:     basic_altar, serial_shops, kennysheep_little_box,
          grunt_decor_mini_mirrors
D:11:     david_lair_generic, kennysheep_dice
D:12:     orc_0_dummy
D:13:     minmay_cornered_nines, basic_altar
D:14:     minmay_the_grid_triangle_9x9_recursive_2,
          hangedman_vaults_entry_quadrant_bands,
          minmay_staircase_statues_hall_large
D:15:     gammafunk_depths_entry_grave, minmay_misc_feat_chi
Temple:   nicolae_temple_elliptical
Lair:1:   fungi_pond_lemuel
Lair:2:   spider_nest_entry_rubble
Lair:3:   minmay_shoals_entry_beasts, grunt_forest_large_clearings
Lair:4:   dragon1_lemuel, infiniplex_staircase_pool, grunt_megastairs_3,
          serial_bayou_shore_a, uniq_sonja
Lair:5:   minivault_26, grunt_megastairs_2
Lair:6:   grunt_lair_end_beastmaster, slime_altar_2
Shoals:1: cheibrodos_shoals_satyrical_garden, serial_shops, shop
Shoals:2: serial_shops, shop
Shoals:3: uniq_polyphemus
Shoals:4: shoals_end_simple, shoals_ilsuiw_ice, nicolae_shoals_circle_sea_wall
Spider:1: portal_ice_cave_entry_pillars_2, uniq_nikola, uniq_asterion
Spider:2: hangedman_stitches_earthworm, uniq_frances
Spider:4: spider_rune_water, spiders_nest_the_unseen
Orc:1:    guppyfry_library_mini
Orc:2:    pubby_orc_utopia, uniq_erolcha
Vaults:1: ontoclasm_vaults_decontamination, hangedman_vaults_capsules,
          vaults_standard_mumra_x, ontoclasm_vaults_idyll, v_misc_24,
          ontoclasm_vaults_ring_large, v_misc_12, vaults_room_corners,
          st_hourglassy, v_rooms_1, nicolae_vaults_little_squares_4,
          nicolae_vaults_little_squares_3, grunt_vaults_hallway_short,
          serial_shops, shop_statue
Vaults:2: vaults_room_grid, minmay_crypt_entry_necro_gods, v_pattern_3,
          hangedman_vaults_restitches, hangedman_vaults_nails,
          ontoclasm_vaults_ligature, v_misc_11, v_misc_10,
          hangedman_vaults_slice, v_misc_8, nicolae_vaults_little_squares_1,
          vaults_dpeg_hooks
Vaults:3: ontoclasm_vaults_hangar, vaults_mumra_bighexcomb,
          nicolae_vaults_shelves_hall, v_misc_4,
          nicolae_vaults_little_squares_2, serial_shops, shop, shop
Vaults:4: v_misc_22, hangedman_vaults_corner_blocks, grunt_vaults_diagonal,
          vaults_mumra_hex, hangedman_vaults_unwind, vaults_mumra_hexcomb,
          st_lattice, v_misc_4, v_misc_4, serial_shops, shop, uniq_boris,
          uniq_frederick, uniq_margery, uniq_sojobo
Vaults:5: uniq_xtahua, uniq_mennas
Crypt:1:  small_statue_intersection
Crypt:2:  basic_stair_grate_trap
Crypt:3:  quadcrypt_mu
Tomb:1:   uniq_jory, uniq_jorgrun, uniq_boris
IceCv:    ice_cave_caverns_03

Skill      XL: |  1  2  3  4  5  6  7  8  9 10 11 12 13 14 15 16 17 18 19 20 21 22 |
---------------+-------------------------------------------------------------------+-----
Transmutations | 2 3 4 5 6 7 8 9 10 11 12 | 12.9
Spellcasting   | 5 6 7 8 9 10 11 12 13 14 15 | 15.4
Invocations    | 1 2 3 4 5 6 7 8 9 10 11 12 13 14 15 | 15.9
Fighting       | 1 2 3 4 5 6 7 8 9 10 11 12 13 14 | 14.8
Short Blades   | 1 2 3 4 5 6 7 8 9 10 11 12 13 14 | 14.8
Long Blades    | 1 2 3 4 5 6 7 8 9 10 11 12 13 14 | 14.8
Axes           | 1 2 3 4 5 6 7 8 9 10 11 12 13 14 | 14.8
Maces & Flails | 1 2 3 4 5 6 7 8 9 10 11 12 13 14 | 14.8
Polearms       | 1 2 3 4 5 6 7 8 9 10 11 12 13 14 | 14.8
Staves         | 1 2 3 4 5 6 7 8 9 10 11 12 13 14 | 14.8
Slings         | 1 2 3 4 5 6 7 8 9 10 11 12 13 14 | 14.8
Bows           | 1 2 3 4 5 6 7 8 9 10 11 12 13 14 | 14.8
Crossbows      | 1 2 3 4 5 6 7 8 9 10 11 12 13 14 | 14.8
Throwing       | 1 2 3 4 5 6 7 8 9 10 11 12 13 14 | 14.8
Armour         | 1 2 3 4 5 6 7 8 9 10 11 12 13 15 16 | 16.2
Shields        | 1 2 3 4 5 6 7 8 9 10 11 12 13 14 | 14.8
Unarmed Combat | 1 2 3 4 5 6 7 8 9 10 11 12 13 14 | 14.8
Evocations     | 1 2 3 4 5 6 7 8 9 10 11 12 13 14 | 14.8
Conjurations   | 1 2 3 4 5 6 7 8 9 10 11 12 | 12.7
Hexes          | 1 2 3 4 5 6 7 8 9 10 11 12 | 12.7
Charms         | 1 2 3 4 5 6 7 8 9 10 11 12 | 12.7
Summonings     | 1 2 3 4 5 6 7 8 9 10 11 12 | 12.7
Necromancy     | 1 2 3 4 5 6 7 8 9 10 11 12 | 12.7
Translocations | 1 2 3 4 5 6 7 8 9 10 11 12 | 12.7
Fire Magic     | 1 2 3 4 5 6 7 8 9 10 11 12 | 12.7
Ice Magic      | 1 2 3 4 5 6 7 8 9 10 11 12 | 12.7
Air Magic      | 1 2 3 4 5 6 7 8 9 10 11 12 | 12.7
Poison Magic   | 1 2 3 4 5 6 7 8 9 10 11 12 | 12.7
Dodging        | 5 6 7 8 9 10 11 12 13 14 15 | 15.3
Stealth        | 5 6 7 8 9 10 11 12 13 14 15 | 15.3
Earth Magic    | 6 7 8 9 10 11 12 13 | 13.7

Action                   |  1- 3 |  4- 6 |  7- 9 | 10-12 | 13-15 | 16-18 | 19-21 | 22-24 || total
-------------------------+-------+-------+-------+-------+-------+-------+-------+-------++-------
Melee: Dagger            |     3 |    35 |    22 |   159 |     4 |       |       |       ||   223
       Bite              |       |     3 |     2 |    51 |    99 |   132 |   118 |    56 ||   461
       Punch             |       |     2 |       |       |       |       |       |       ||     2
       Unarmed           |       |       |     8 |       |       |       |       |       ||     8
       Morningstar       |       |       |       |    22 |       |       |       |       ||    22
       Flail             |       |       |       |    19 |    26 |       |       |       ||    45
       War axe           |       |       |       |    13 |    19 |       |       |       ||    32
       Falchion          |       |       |       |     5 |   107 |       |       |       ||   112
       Demon trident     |       |       |       |       |   265 |   713 |   327 |       ||  1305
       Short sword       |       |       |       |       |    16 |       |       |       ||    16
       Eudemon blade     |       |       |       |       |       |       |   135 |   201 ||   336
       Broad axe         |       |       |       |       |       |       |    47 |       ||    47
 Fire: Blowgun           |       |       |       |     2 |     2 |       |       |       ||     4
Throw: Javelin           |       |       |     4 |    19 |       |     2 |     5 |     1 ||    31
       Stone             |       |       |       |     4 |       |       |       |       ||     4
       Tomahawk          |       |       |       |    80 |     9 |     2 |       |       ||    91
       Throwing net      |       |       |       |       |       |       |     5 |       ||     5
 Cast: Sandblast         |    27 |    45 |   141 |    88 |    26 |     4 |       |       ||   331
       Passwall          |     2 |     8 |     9 |    20 |    39 |    45 |       |       ||   123
       Petrify           |       |       |     5 |     3 |       |       |       |       ||     8
       Lee's Rapid Decon |       |       |       |     2 |    23 |    16 |    21 |    10 ||    72
       Summon Lightning  |       |       |       |    44 |    80 |    87 |    54 |     7 ||   272
       Animate Skeleton  |       |       |       |    11 |    11 |     9 |       |       ||    31
       Regeneration      |       |       |       |     9 |    15 |    28 |    34 |    18 ||   104
       Statue Form       |       |       |       |       |    26 |    47 |    35 |    12 ||   120
       Control Undead    |       |       |       |       |     6 |       |       |    12 ||    18
       Song of Slaying   |       |       |       |       |     6 |     4 |     1 |     1 ||    12
       Spectral Weapon   |       |       |       |       |    10 |    51 |    39 |    23 ||   123
       Animate Dead      |       |       |       |       |     3 |     1 |     7 |     2 ||    13
       Passage of Golubr |       |       |       |       |       |    96 |    71 |    30 ||   197
       Apportation       |       |       |       |       |       |    65 |    84 |    20 ||   169
       Irradiate         |       |       |       |       |       |    15 |    15 |     3 ||    33
       Ignition          |       |       |       |       |       |       |       |     4 ||     4
Invok: Slouch            |       |       |       |     6 |     9 |    11 |     7 |     2 ||    35
       Bend Time         |       |       |       |     1 |     3 |     1 |     1 |       ||     6
       Step From Time    |       |       |       |       |       |       |       |     1 ||     1
 Abil: End Transformatio |       |       |       |       |       |     2 |       |       ||     2
Evoke: Wand              |       |     1 |     2 |    18 |    16 |     9 |     8 |       ||    54
       Lightning rod     |       |       |       |       |       |     8 |       |       ||     8
       Phial of floods   |       |       |       |       |       |     1 |     1 |       ||     2
       Lamp of fire      |       |       |       |       |       |       |     1 |       ||     1
       Sack of spiders   |       |       |       |       |       |       |     1 |       ||     1
  Use: Potion            |       |     4 |     2 |     4 |     1 |     5 |     5 |     5 ||    26
       Scroll            |       |       |     3 |    23 |    13 |    24 |    13 |     7 ||    83
 Stab: Sleeping          |     3 |     5 |    12 |    16 |     5 |    15 |       |     4 ||    60
       Petrified         |       |       |     2 |     6 |       |     1 |       |       ||     9
       Distracted        |       |       |       |     8 |    23 |    43 |    51 |    10 ||   135
       Held in net/web   |       |       |       |       |       |       |     7 |       ||     7
  Eat: Chunk             |       |     1 |     3 |     4 |     4 |     9 |     1 |       ||    22
       Ration            |       |       |       |     1 |     2 |     4 |     2 |     1 ||    10
Armor: Robe              |       |    13 |       |       |       |       |       |       ||    13
       Leather armour    |       |       |    18 |    40 |    40 |     8 |       |       ||   106
       Skin              |       |       |     8 |       |   332 |   321 |   178 |    68 ||   907
       Troll leather arm |       |       |       |       |       |     3 |     7 |       ||    10
Dodge: Dodged            |    10 |    36 |    71 |   204 |  1305 |  1248 |   498 |   266 ||  3638
Block: Buckler           |       |       |     2 |   106 |   175 |       |       |       ||   283
       Shield            |       |       |       |       |   518 |  1008 |   608 |   254 ||  2388
       Rpst.: Falchion   |       |       |       |     1 |    68 |       |       |       ||    69
       Eudemon blade     |       |       |       |       |       |       |    16 |    47 ||    63

Table legend:
 A = Spawn XP
 B = Non-spawn XP
 C = Spawn XP percentage of total XP
 D = Spawn monster count
 E = Non-spawn monster count
 F = Spawn count percentage of total count
 G = Total turns spent on level
                    A         B        C        D         E        F      G
               +---------+---------+-------+---------+---------+-------+---------
         Total |       0 |  739040 |   0.0 |       0 |    1576 |   0.0 | 14495
               +---------+---------+-------+---------+---------+-------+---------
           D:1 |       0 |      21 |   0.0 |       0 |      13 |   0.0 |   166
           D:2 |       0 |      15 |   0.0 |       0 |       3 |   0.0 |    62
           D:3 |       0 |      23 |   0.0 |       0 |       4 |   0.0 |   224
           D:4 |       0 |     171 |   0.0 |       0 |      10 |   0.0 |   245
           D:5 |       0 |     672 |   0.0 |       0 |      14 |   0.0 |   363
           D:6 |       0 |    1258 |   0.0 |       0 |      23 |   0.0 |   368
           D:7 |       0 |     539 |   0.0 |       0 |      18 |   0.0 |   374
           D:8 |       0 |    1390 |   0.0 |       0 |      22 |   0.0 |   343
           D:9 |       0 |     183 |   0.0 |       0 |       5 |   0.0 |   156
          D:10 |       0 |     788 |   0.0 |       0 |      13 |   0.0 |   324
          D:11 |       0 |    2482 |   0.0 |       0 |      24 |   0.0 |   215
          D:12 |       0 |    3498 |   0.0 |       0 |      30 |   0.0 |   299
          D:13 |       0 |    8105 |   0.0 |       0 |      29 |   0.0 |   519
          D:14 |       0 |   12815 |   0.0 |       0 |      56 |   0.0 |   588
          D:15 |       0 |   11162 |   0.0 |       0 |      30 |   0.0 |   162
        Lair:1 |       0 |    2094 |   0.0 |       0 |      12 |   0.0 |   469
        Lair:2 |       0 |    4181 |   0.0 |       0 |      22 |   0.0 |   262
        Lair:3 |       0 |    7374 |   0.0 |       0 |      53 |   0.0 |   265
        Lair:4 |       0 |    8875 |   0.0 |       0 |      31 |   0.0 |   311
        Lair:5 |       0 |    3031 |   0.0 |       0 |      17 |   0.0 |   134
        Lair:6 |       0 |   15139 |   0.0 |       0 |      46 |   0.0 |   461
      Shoals:1 |       0 |   13804 |   0.0 |       0 |      29 |   0.0 |   377
      Shoals:2 |       0 |    8420 |   0.0 |       0 |      26 |   0.0 |   260
      Shoals:3 |       0 |   18509 |   0.0 |       0 |      38 |   0.0 |   281
      Shoals:4 |       0 |   26797 |   0.0 |       0 |      57 |   0.0 |   330
      Spider:1 |       0 |   22131 |   0.0 |       0 |      68 |   0.0 |   315
      Spider:2 |       0 |    9162 |   0.0 |       0 |      26 |   0.0 |   318
      Spider:3 |       0 |    3549 |   0.0 |       0 |      18 |   0.0 |   148
      Spider:4 |       0 |   29587 |   0.0 |       0 |      86 |   0.0 |   554
       Slime:1 |       0 |   13059 |   0.0 |       0 |      16 |   0.0 |    93
       Slime:2 |       0 |    8124 |   0.0 |       0 |      17 |   0.0 |    62
       Slime:3 |       0 |    8116 |   0.0 |       0 |      18 |   0.0 |    79
       Slime:4 |       0 |    6546 |   0.0 |       0 |      14 |   0.0 |   111
       Slime:5 |       0 |   30693 |   0.0 |       0 |      27 |   0.0 |   277
         Orc:1 |       0 |    4096 |   0.0 |       0 |      55 |   0.0 |   590
         Orc:2 |       0 |   12596 |   0.0 |       0 |      86 |   0.0 |   939
      Vaults:1 |       0 |    6043 |   0.0 |       0 |      13 |   0.0 |    49
      Vaults:2 |       0 |   11388 |   0.0 |       0 |      25 |   0.0 |   184
      Vaults:3 |       0 |   14502 |   0.0 |       0 |      19 |   0.0 |   243
      Vaults:4 |       0 |   68179 |   0.0 |       0 |      78 |   0.0 |   392
      Vaults:5 |       0 |  141006 |   0.0 |       0 |     131 |   0.0 |   667
       Crypt:1 |       0 |    5914 |   0.0 |       0 |      11 |   0.0 |    66
       Crypt:2 |       0 |   13829 |   0.0 |       0 |      23 |   0.0 |    79
       Crypt:3 |       0 |   54789 |   0.0 |       0 |      71 |   0.0 |   781
        Tomb:1 |       0 |   78493 |   0.0 |       0 |      48 |   0.0 |   357
        Tomb:2 |       0 |    6932 |   0.0 |       0 |      12 |   0.0 |   128
        Tomb:3 |       0 |   31854 |   0.0 |       0 |      41 |   0.0 |    57
         IceCv |       0 |    7106 |   0.0 |       0 |      48 |   0.0 |   367
               +---------+---------+-------+---------+---------+-------+---------

Table legend:
 A = Turns spent in this place as a percentage of turns spent in the entire game.
 B = Non-inter-level travel turns spent in this place as a percentage of non-inter-level travel turns spent in the entire game.
 C = Inter-level travel turns spent in this place as a percentage of turns spent in this place.
 D = Turns resting spent in this place as a percentage of non-inter-level travel turns spent in this place.
 E = Turns spent auto-exploring this place as a percentage of non-inter-level travel turns spent in this place.
 F = Non-inter-level travel turns spent in this place divided by the number of levels of this place that you've seen.
                   A       B       C       D       E      F
               +-------+-------+-------+-------+-------+----------------------
         Total | 100.0 | 100.0 |   1.1 |   0.2 |   0.0 | 292.6
       Dungeon |  30.4 |  30.4 |   1.1 |   0.3 |   0.0 | 290.7
        Temple |   0.6 |   0.6 |   0.0 |   0.0 |   0.0 |  81.0
          Lair |  13.1 |  12.9 |   2.8 |   0.2 |   0.0 | 308.0
        Shoals |   8.6 |   8.7 |   0.0 |   0.4 |   0.0 | 312.0
   Spider Nest |   9.2 |   9.3 |   0.0 |   0.0 |   0.0 | 333.8
    Slime Pits |   4.3 |   4.3 |   0.0 |   0.0 |   0.0 | 124.4
  Orcish Mines |  10.5 |  10.3 |   3.5 |   0.0 |   0.0 | 737.5
        Vaults |  10.6 |  10.7 |   0.0 |   0.0 |   0.0 | 307.0
         Crypt |   6.4 |   6.5 |   0.0 |   0.0 |   0.0 | 308.7
          Tomb |   3.7 |   3.8 |   0.0 |   0.0 |   0.0 | 180.7
      Ice Cave |   2.5 |   2.6 |   0.0 |   0.0 |   0.0 | 367.0
               +-------+-------+-------+-------+-------+----------------------

Table legend:
 A = Kills in this place as a percentage of kills in entire the game.
 B = Kills by you in this place as a percentage of kills by you in the entire game.
 C = Kills by friends in this place as a percentage of kills by friends in the entire game.
 D = Other kills in this place as a percentage of other kills in the entire game.
 E = Experience gained in this place as a percentage of experience gained in the entire game.
 F = Experience gained in this place divided by the number of levels of this place that you have seen.
                   A       B       C       D       E      F
               +-------+-------+-------+-------+-------+----------------------
         Total | 100.0 | 100.0 | 100.0 | 100.0 | 100.0 | 15082.4
       Dungeon |  18.7 |  21.4 |  12.1 |  16.7 |   5.8 | 2874.8
          Lair |  11.5 |  10.2 |  14.7 |   0.0 |   5.5 | 6782.3
        Shoals |   9.5 |   9.3 |  10.1 |   0.0 |   9.1 | 16882.5
   Spider Nest |  12.6 |  11.0 |  16.7 |   0.0 |   8.7 | 16107.2
    Slime Pits |   5.8 |   7.3 |   2.4 |   0.0 |   9.0 | 13307.6
  Orcish Mines |   8.9 |   6.6 |  14.7 |   0.0 |   2.3 | 8346.0
        Vaults |  16.9 |  16.7 |  17.1 |  33.3 |  32.6 | 48223.6
         Crypt |   6.7 |   8.3 |   2.6 |   0.0 |  10.1 | 24844.0
          Tomb |   6.4 |   5.8 |   7.5 |  33.3 |  15.9 | 39093.0
      Ice Cave |   3.0 |   3.3 |   2.2 |  16.7 |   1.0 | 7106.0
               +-------+-------+-------+-------+-------+----------------------

Vault maps used:
D:1:      minmay_arrival_diagonal_passages
D:2:      bloody_trog
D:3:      nicolae_qazlal_eye_of_the_storm, first_ration, kennysheep_nub,
          serial_bayou_lake_a
D:4:      minmay_temple_entry_statues, serial_shops, shop
D:5:      basic_altar, uniq_eustachio, uniq_ijyb
D:6:      uniq_edmund, uniq_grinder
D:8:      grunt_temple_overflow_open, uniq_grum
D:9:      basic_altar, blue_anna_alchemist
D:10:     basic_altar, serial_shops, kennysheep_little_box,
          grunt_decor_mini_mirrors
D:11:     david_lair_generic, kennysheep_dice
D:12:     orc_0_dummy
D:13:     minmay_cornered_nines, basic_altar
D:14:     minmay_the_grid_triangle_9x9_recursive_2,
          hangedman_vaults_entry_quadrant_bands,
          minmay_staircase_statues_hall_large
D:15:     gammafunk_depths_entry_grave, minmay_misc_feat_chi
Temple:   nicolae_temple_elliptical
Lair:1:   fungi_pond_lemuel
Lair:2:   spider_nest_entry_rubble
Lair:3:   minmay_shoals_entry_beasts, grunt_forest_large_clearings
Lair:4:   dragon1_lemuel, infiniplex_staircase_pool, grunt_megastairs_3,
          serial_bayou_shore_a, uniq_sonja
Lair:5:   minivault_26, grunt_megastairs_2
Lair:6:   grunt_lair_end_beastmaster, slime_altar_2
Shoals:1: cheibrodos_shoals_satyrical_garden, serial_shops, shop
Shoals:2: serial_shops, shop
Shoals:3: uniq_polyphemus
Shoals:4: shoals_end_simple, shoals_ilsuiw_ice, nicolae_shoals_circle_sea_wall
Spider:1: portal_ice_cave_entry_pillars_2, uniq_nikola, uniq_asterion
Spider:2: hangedman_stitches_earthworm, uniq_frances
Spider:4: spider_rune_water, spiders_nest_the_unseen
Orc:1:    guppyfry_library_mini
Orc:2:    pubby_orc_utopia, uniq_erolcha
Vaults:1: ontoclasm_vaults_decontamination, hangedman_vaults_capsules,
          vaults_standard_mumra_x, ontoclasm_vaults_idyll, v_misc_24,
          ontoclasm_vaults_ring_large, v_misc_12, vaults_room_corners,
          st_hourglassy, v_rooms_1, nicolae_vaults_little_squares_4,
          nicolae_vaults_little_squares_3, grunt_vaults_hallway_short,
          serial_shops, shop_statue
Vaults:2: vaults_room_grid, minmay_crypt_entry_necro_gods, v_pattern_3,
          hangedman_vaults_restitches, hangedman_vaults_nails,
          ontoclasm_vaults_ligature, v_misc_11, v_misc_10,
          hangedman_vaults_slice, v_misc_8, nicolae_vaults_little_squares_1,
          vaults_dpeg_hooks
Vaults:3: ontoclasm_vaults_hangar, vaults_mumra_bighexcomb,
          nicolae_vaults_shelves_hall, v_misc_4,
          nicolae_vaults_little_squares_2, serial_shops, shop, shop
Vaults:4: v_misc_22, hangedman_vaults_corner_blocks, grunt_vaults_diagonal,
          vaults_mumra_hex, hangedman_vaults_unwind, vaults_mumra_hexcomb,
          st_lattice, v_misc_4, v_misc_4, serial_shops, shop, uniq_boris,
          uniq_frederick, uniq_margery, uniq_sojobo
Vaults:5: uniq_xtahua, uniq_mennas
Crypt:1:  small_statue_intersection
Crypt:2:  basic_stair_grate_trap
Crypt:3:  quadcrypt_mu
Tomb:1:   uniq_jory, uniq_jorgrun, uniq_boris
IceCv:    ice_cave_caverns_03
